 Dungeon Crawl Stone Soup version 0.24.1-8-ga250c9d538 (webtiles) character file.

Game seed: 10752449597876271537, levelgen mode: deterministic

40558 Lemonice the Thaumaturge (level 14, -18/109 HPs)
             Began as a Gnoll Skald on Apr 27, 2020.
             Was an Initiate of Ru.
             Killed from afar by a wolf (38 damage)
             ... with an exploding inner flame
             ... hexed by the player character
             ... on level 6 of the Lair of Beasts.
             The game lasted 01:38:41 (17062 turns).

Lemonice the Thaumaturge (Gnoll Skald)             Turns: 17062, Time: 01:38:41

Health: -18/109    AC: 16    Str: 17    XL:     14   Next: 11%
Magic:  2/28       EV: 19    Int: 18    God:    Ru [......]
Gold:   481        SH: 10    Dex: 16    Spells: 6/33 levels left

rFire    . . .     SeeInvis .   v - +6 spear "Regokh" {drain, Dex+2}
rCold    + . .     Gourm    .   i - +0 buckler
rNeg     . . .     Faith    .   J - +4 troll leather armour {Snorg}
rPois    +         Spirit   .   a - +2 helmet
rElec    .         Reflect  +   (no cloak)
rCorr    .         Harm     .   (no gloves)
MR       +....                  M - +2 pair of boots {Fly}
Stlth    ..........             U - +4 amulet of reflection
HPRegen  1.68/turn              y - ring of poison resistance
MPRegen  0.21/turn              G - ring of protection from cold

@: singing (expiring), flying, regenerating
A: distributed training, fangs 1, no stealth, strong nose
a: Renounce Religion, Stop Flying


You were on level 6 of the Lair of Beasts.
You worshipped Ru.
Ru was noncommittal.
You were not hungry.

You visited 3 branches of the dungeon, and saw 18 of its levels.

You collected 1322 gold pieces.
You spent 841 gold pieces at shops.

Inventory:

Hand Weapons
 v - the +6 spear "Regokh" (weapon) {drain, Dex+2}
   (You found it on level 4 of the Dungeon)

   A truly terrible weapon, it drains the life of those it strikes.
   It affects your dexterity (+2).
 R - the +3 Elemental Staff {rElec rF++ rC++ MR++ AC+5}
   (You found it on level 8 of the Dungeon)

   It affects your AC (+5).
   It greatly protects you from fire.
   It greatly protects you from cold.
   It insulates you from electricity.
   It affects your resistance to hostile enchantments.
Missiles
 n - 4 datura-tipped darts (quivered)
 q - 8 throwing nets
 B - 4 curare-tipped darts
Armour
 a - a +2 helmet (worn)
 i - a +0 buckler (worn)
 w - a +2 robe of magic resistance
 J - a +4 troll leather armour (worn) {Snorg}
 M - a +2 pair of boots of flying (worn)
Jewellery
 b - an uncursed amulet of rage
 u - an uncursed amulet of the gourmand {unknown}
 y - a ring of poison resistance (left hand)
 G - a ring of protection from cold (right hand)
 K - an uncursed ring of positive energy
 U - a +4 amulet of reflection (around neck)
 W - an uncursed ring of wizardry
 Y - a +5 ring of intelligence
Wands
 k - a wand of iceblast (28)
 D - a wand of disintegration (10)
 E - a wand of acid (14)
 H - a wand of enslavement (6)
 L - a wand of digging (9)
 O - a wand of paralysis (16)
 S - a wand of flame (16)
Scrolls
 e - 2 scrolls of enchant armour
 g - 2 scrolls of magic mapping
 h - 14 scrolls of remove curse
 m - 8 scrolls of amnesia
 o - a scroll of holy word {unknown}
 p - a scroll of immolation
 r - 3 scrolls of fear
 A - 10 scrolls of teleportation
 N - a scroll of torment
 Q - 3 scrolls of enchant weapon
 V - a scroll of blinking
 X - a scroll of summoning {unknown}
 Z - a scroll of fog
Potions
 c - 2 potions of berserk rage
 f - 3 potions of brilliance
 j - 2 potions of magic
 l - 8 potions of curing
 s - 2 potions of agility
 t - 4 potions of lignification
 x - 3 potions of heal wounds
 z - a potion of might
 C - a potion of invisibility
 F - 2 potions of cancellation
 P - 2 potions of haste
 T - 2 potions of ambrosia
Comestibles
 d - 27 rations
 I - 7 chunks of flesh


   Skills:
 + Level 9.9 Fighting
 + Level 8.8 Short Blades
 + Level 9.9 Long Blades
 + Level 8.8 Axes
 + Level 8.8 Maces & Flails
 + Level 8.8 Polearms
 + Level 8.8 Staves
 + Level 8.8 Slings
 + Level 8.8 Bows
 + Level 8.8 Crossbows
 + Level 8.8 Throwing
 + Level 9.2 Armour
 + Level 9.9 Dodging
   Level 0.0 Stealth
 + Level 8.8 Shields
 + Level 8.8 Unarmed Combat
 + Level 10.1 Spellcasting
 + Level 7.3 Conjurations
 + Level 7.3 Hexes
 + Level 9.2 Charms
 + Level 7.3 Summonings
 + Level 7.3 Necromancy
 + Level 7.3 Translocations
 + Level 7.3 Transmutations
 + Level 7.3 Fire Magic
 + Level 7.3 Ice Magic
 + Level 7.3 Air Magic
 + Level 7.3 Earth Magic
 + Level 7.3 Poison Magic
 + Level 9.6 Invocations
 + Level 8.8 Evocations


You had 6 spell levels left.
You knew the following spells:

 Your Spells              Type           Power        Failure   Level  Hunger
a - Infusion              Chrm           ####         1%          1    None
b - Song of Slaying       Chrm           #####...     1%          2    None
c - Shroud of Golubria    Chrm/Tloc      #####.       1%          2    None
d - Regeneration          Chrm/Necr      #####.....   1%          3    None
e - Spectral Weapon       Hex/Chrm       #####...     1%          3    None
f - Animate Skeleton      Necr           N/A          1%          1    None
g - Mephitic Cloud        Conj/Pois/Air  #####...     1%          3    None
h - Conjure Flame         Conj/Fire      #####...     1%          3    None
i - Summon Guardian Gole  Hex/Summ       #####...     1%          3    None
j - Blink                 Tloc           N/A          1%          2    None
k - Animate Dead          Necr           N/A          4%          4    ###....

Your spell library contained the following spells:

 Spells                   Type           Power        Failure   Level  Hunger
 Freeze                   Ice            ####         1%          1    None
 Magic Dart               Conj           ####         1%          1    None
 Pain                     Necr           ####         1%          1    None
 Sandblast                Erth           #####.       1%          1    None
 Sting                    Conj/Pois      ####         1%          1    None
 Summon Small Mammal      Summ           ####         1%          1    None
 Call Imp                 Summ           #####...     1%          2    None
 Passwall                 Tmut/Erth      #####...     1%          2    None
 Searing Ray              Conj           #####.       1%          2    None
 Slow                     Hex            #####...     1%          2    None
 Throw Frost              Conj/Ice       #####.       1%          2    None
 Call Canine Familiar     Summ           #####...     1%          3    None
 Dazzling Spray           Conj/Hex       #####.       1%          3    None
 Gell's Gravitas          Tloc           #####.....   1%          3    None
 Lesser Beckoning         Tloc           #####.....   1%          3    None
 Ozocubu's Armour         Chrm/Ice       #####...     1%          3    None
 Stone Arrow              Conj/Erth      #####.       1%          3    None
 Teleport Other           Tloc           #####...     1%          3    None
 Vampiric Draining        Necr           #####.....   1%          3    None
 Force Lance              Conj/Tloc      #####...     4%          4    ###....
 Fulminant Prism          Conj/Hex       #####.....   4%          4    ###....
 Iskenderun's Mystic Bla  Conj           #####...     4%          4    ###....
 Passage of Golubria      Tloc           N/A          4%          4    ###....
 Petrify                  Tmut/Erth      #####...     4%          4    ###....
 Summon Ice Beast         Ice/Summ       #####...     4%          4    ###....
 Summon Lightning Spire   Summ/Air       #####...     4%          4    ###....
 Throw Icicle             Conj/Ice       #####...     4%          4    ###....
 Lee's Rapid Deconstruct  Erth           #####.....   12%         5    #####..


Dungeon Overview and Level Annotations

Branches:
Dungeon (11/15)            Temple (1/1) D:5            Lair (6/6) D:8
 Shoals (0/4) Lair:4        Snake (0/4) Lair:2        Slime (0/5) Lair:5
    Orc: D:9-12

Altars:
Ashenzari
Cheibriados
Dithmenos
Elyvilon
Fedhas
Gozag
Hepliaklqana
Kikubaaqudgha
Makhleb
Nemelex Xobeh
Okawaru
Qazlal
Ru
Sif Muna
Trog
Uskayaw
Vehumet
Wu Jian
Xom
Yredelemnul
Zin
The Shining One
Jiyva
Lugonu

Shops:
D:4 (?!(   D:5 %   D:7 ([!*=

Annotations:
D:7 2 transporters, barcode's ghost, novice SpVM
Lair:5 1 runed translucent door


Innate Abilities, Weirdness & Mutations

Your experience applies equally to all skills.
You have very sharp teeth.
You cannot be stealthy.
Your uncanny sense of smell can sniff out nearby items.


Message History

The wolf explodes!
You feel a bit more experienced. x2
The fiery explosion engulfs the fungus!!!
You destroy the fungus!
The fiery explosion engulfs the water moccasin!!!
The water moccasin explodes!
The fiery explosion engulfs the spiny frog!!
The spiny frog explodes!
The fiery explosion engulfs you!
* * * LOW HITPOINT WARNING * * *
The fiery explosion engulfs the wolf!
The wolf is severely wounded.
The fiery explosion engulfs the yak!
The yak is heavily wounded.
The fiery explosion engulfs the yak!!
The yak explodes!
The fiery explosion engulfs the wolf!!
The wolf explodes!
The fiery explosion engulfs you!!!
You die...

##....P.#..P#..P.#......P.#.P....
#..P#.# ##.........#######...#
####...#####....#.P.%P#### #...#
..P...#........#.#P...##.####...#
.P.........%....................#
...............%.................
.##.%...##%.%%%..%......P.P....<.
##.....####..%§§§§§.....####.....
#......# #P.§§§§@§§..##.. #...P#
####..####.§°°§§§§§..P#..# #....#
#..# #.§§°°°§°§§.%..%.......P#
....###§§§§°§§§§............P#
.......§§§§§°°§§%..%.#.#..P..##
......§§§§§§§§§......
P...§#§§§§§§.#...##
.....§§§§§§§##...# ...Zl..)....#
...


There were no monsters in sight!

Vanquished Creatures
  Snorg (D:10)
  5 hydras
  Harold (D:10)
  Erica (D:9)
  Sonja (Lair:5)
  An unseen horror (D:10)
  Pikel (D:7)
  2 black mambas
  8 elephants (Lair:6)
  A guardian serpent (shapeshifter) (D:9)
  Psyche (D:8)
  2 spiny frogs
  A rime drake (Lair:3)
  5 komodo dragons
  3 hornets (Lair:6)
  3 polar bears
  Prince Ribbit (D:8)
  3 blink frogs (Lair:5)
  2 dream sheep (Lair:6)
  3 hippogriffs
  12 spriggans
  48 yaks
  2 wyverns
  A steam dragon (Lair:3)
  2 nagas (Lair:2)
  13 water moccasins
  A soldier ant (D:11)
  6 porcupines
  An ice beast (D:5)
  A sky beast (D:5)
  4 black bears
  5 orc warriors
  2 necrophages
  6 ogres
  4 boggarts (Lair:6)
  41 wolves
  5 centaurs
  A big kobold (D:8)
  6 crocodiles
  10 bullfrogs
  3 scorpions
  5 wights (D:10)
  7 killer bees
  A bullfrog zombie (D:9)
  2 crimson imps
  2 centaur zombies
  2 bullfrog skeletons
  3 jellies
  6 orc priests
  4 hounds
  An iron imp (D:9)
  5 iguanas
  Terence (D:3)
  17 orc wizards
  5 worker ants
  A hound skeleton (D:7)
  12 adders
  3 shadow imps
  2 adder zombies
  An adder skeleton (D:9)
  7 worms
  A dart slug (D:1)
  A leopard gecko (D:4)
  36 orcs
  A ball python (D:2)
  4 giant cockroaches
  14 goblins
  8 hobgoblins
  5 jackals
  6 kobolds
  7 quokkas
  4 bats
  4 frilled lizards
  2 jackal zombies
  2 leopard gecko skeletons
  A leopard gecko zombie (D:9)
  A quokka skeleton (D:7)
  5 rats
  A spectral orc (D:3)
  2 fungi (Lair:6)
412 creatures vanquished.

Vanquished Creatures (collateral kills)
  A hydra (Lair:4)
  2 elephants (Lair:6)
  Joseph (D:8)
  A spiny frog (Lair:1)
  A polar bear (Lair:6)
  A hornet (Lair:6)
  A snapping turtle (Lair:4)
  A hippogriff (D:8)
  2 spriggans (Lair:6)
  7 yaks
  4 water moccasins
  3 black bears (Lair:6)
  An ogre (D:8)
  13 wolves (Lair:6)
  2 crocodiles
  An electric eel (Lair:4)
  A crimson imp (D:8)
  A hound (D:8)
  An orc wizard (D:9)
  An iguana (D:9)
  3 adders
  A ball python (D:8)
  2 fungi
  2 plants
54 creatures vanquished.

Vanquished Creatures (others)
  A hydra (Lair:3)
  A bush (D:5)
  18 fungi
  8 plants
  2 spectral weapons
30 creatures vanquished.

Grand Total: 496 creatures vanquished

Notes
Turn   | Place    | Note
-------+----------+-------------------------------------------
     0 | D:1      | Lemonice the Gnoll Skald began the quest for the Orb.
     0 | D:1      | Reached XP level 1. HP: 20/20 MP: 6/6
   196 | D:1      | Reached XP level 2. HP: 21/26 MP: 4/7
   492 | D:1      | Learned a level 2 spell: Song of Slaying
   495 | D:1      | Learned a level 2 spell: Shroud of Golubria
   660 | D:2      | Reached XP level 3. HP: 17/31 MP: 9/9
   665 | D:2      | Learned a level 3 spell: Regeneration
   669 | D:2      | Learned a level 3 spell: Spectral Weapon
   708 | D:2      | Reached skill level 5 in Spellcasting
   736 | D:2      | Found an iron altar of Okawaru.
   791 | D:2      | Reached skill level 1 in Invocations
   807 | D:2      | Reached skill level 1 in Short Blades
   807 | D:2      | Reached skill level 1 in Axes
   807 | D:2      | Reached skill level 1 in Maces & Flails
   807 | D:2      | Reached skill level 1 in Polearms
   807 | D:2      | Reached skill level 1 in Staves
   807 | D:2      | Reached skill level 1 in Slings
   807 | D:2      | Reached skill level 1 in Bows
   807 | D:2      | Reached skill level 1 in Crossbows
   807 | D:2      | Reached skill level 1 in Throwing
   807 | D:2      | Reached skill level 1 in Stealth
   807 | D:2      | Reached skill level 1 in Shields
   807 | D:2      | Reached skill level 1 in Unarmed Combat
   807 | D:2      | Reached skill level 1 in Evocations
   902 | D:2      | Found a radiant altar of Vehumet.
   984 | D:2      | Reached XP level 4. HP: 38/38 MP: 11/11
  1141 | D:2      | Found a shimmering altar of Xom.
  1629 | D:3      | Reached skill level 1 in Conjurations
  1629 | D:3      | Reached skill level 1 in Hexes
  1629 | D:3      | Reached skill level 1 in Summonings
  1629 | D:3      | Reached skill level 1 in Necromancy
  1629 | D:3      | Reached skill level 1 in Translocations
  1629 | D:3      | Reached skill level 1 in Transmutations
  1629 | D:3      | Reached skill level 1 in Fire Magic
  1629 | D:3      | Reached skill level 1 in Ice Magic
  1629 | D:3      | Reached skill level 1 in Air Magic
  1629 | D:3      | Reached skill level 1 in Earth Magic
  1629 | D:3      | Reached skill level 1 in Poison Magic
  1635 | D:3      | Reached XP level 5. HP: 30/43 MP: 3/12
  1945 | D:3      | Noticed Terence
  1960 | D:3      | Killed Terence
  2003 | D:3      | Noticed a blizzard demon
  2004 | D:3      | Found a burning altar of Makhleb.
  2006 | D:3      | Found a glowing silver altar of Zin.
  2007 | D:3      | Noticed an angel
  2108 | D:3      | Found a basalt altar of Yredelemnul.
  2164 | D:4      | Reached XP level 6. HP: 20/50 MP: 4/13
  2229 | D:4      | Found a white marble altar of Elyvilon.
  2366 | D:4      | Got an ancient spear
  2368 | D:4      | Identified the +6 spear "Regokh" {drain, Dex+2} (You found
                  | it on level 4 of the Dungeon)
  2411 | D:4      | Noticed an orc warrior
  2429 | D:4      | Killed an orc warrior
  2429 | D:4      | Reached skill level 5 in Fighting
  2429 | D:4      | Reached skill level 5 in Long Blades
  2429 | D:4      | Reached skill level 5 in Dodging
  2548 | D:4      | Found Pugonieh's Weapon Shoppe.
  2570 | D:4      | Found Tacse's Distillery.
  2574 | D:4      | Bought a potion of heal wounds for 65 gold pieces
  2574 | D:4      | Bought a potion of curing for 39 gold pieces
  2574 | D:4      | Bought a potion of might for 52 gold pieces
  2587 | D:4      | Found Dibrip's Magic Scroll Boutique.
  2638 | D:4      | Reached XP level 7. HP: 56/56 MP: 15/15
  2649 | D:4      | Bought a scroll of identify for 22 gold pieces
  2649 | D:4      | Bought a scroll of identify for 22 gold pieces
  2703 | D:4      | Found Gaphask's Weapon Boutique.
  3082 | D:5      | Entered Level 5 of the Dungeon
  3202 | D:5      | Found a blossoming altar of Fedhas.
  3350 | D:5      | Reached XP level 8. HP: 63/63 MP: 11/16
  3519 | D:4      | Bought a scroll of teleportation for 33 gold pieces
  3633 | D:5      | Found a hazy altar of Hepliaklqana.
  3720 | D:5      | Found a shimmering blue altar of Sif Muna.
  3749 | D:5      | Identified Sif Muna's Papyrus of Poison
  3755 | D:5      | Learned a level 1 spell: Animate Skeleton
  4036 | D:5      | Found Ostrupoyr's Food Shoppe.
  4052 | D:5      | Found a staircase to the Ecumenical Temple.
  4061 | Temple   | Entered the Ecumenical Temple
  4090 | Temple   | Became a worshipper of Ru the Awakened
  4236 | D:6      | Reached skill level 6 in Spellcasting
  4987 | D:6      | Reached XP level 9. HP: 69/69 MP: 13/18
  5166 | D:7      | Found Aptiuff's Distillery.
  5169 | D:7      | Bought a potion of degeneration for 14 gold pieces
  5177 | D:7      | Found a transporter.
  5571 | D:7      | Found an opulent altar of Gozag.
  5575 | D:7      | Found Gozag's Platinum Reserve.
  5768 | D:7      | Noticed Pikel
  5781 | D:7      | Killed Pikel
  5781 | D:7      | Reached skill level 5 in Armour
  5785 | D:7      | Found Gywiar's Antique Weapon Shoppe.
  5804 | D:7      | Found Sayv's Armour Shoppe.
  5833 | D:7      | Found Kost's Jewellery Shop.
  5922 | D:7      | Identified the ring of Xom's Passing Interest {rElec rPois
                  | MR+ Str+3 SInv}
  6031 | D:7      | Found a glowing golden altar of the Shining One.
  6121 | D:7      | Found a bloodstained altar of Trog.
  6125 | D:7      | Found a transporter.
  6130 | D:7      | Noticed barcode's ghost (novice SpVM)
  6541 | D:8      | Reached skill level 5 in Invocations
  6573 | D:8      | Learned a level 3 spell: Mephitic Cloud
  6577 | D:8      | Learned a level 3 spell: Conjure Flame
  6579 | D:8      | Found the +3 Elemental Staff {rElec rF++ rC++ MR++ AC+5}
  6599 | D:8      | Noticed Psyche
  6614 | D:8      | Killed Psyche
  6614 | D:8      | Reached skill level 7 in Spellcasting
  6614 | D:8      | Reached XP level 10. HP: 67/77 MP: 11/20
  6914 | D:8      | Noticed Joseph
  6927 | D:8      | Killed Joseph
  6927 | D:8      | Reached skill level 5 in Short Blades
  6927 | D:8      | Reached skill level 5 in Axes
  6927 | D:8      | Reached skill level 5 in Maces & Flails
  6927 | D:8      | Reached skill level 5 in Polearms
  6927 | D:8      | Reached skill level 5 in Staves
  6927 | D:8      | Reached skill level 5 in Slings
  6927 | D:8      | Reached skill level 5 in Bows
  6927 | D:8      | Reached skill level 5 in Crossbows
  6927 | D:8      | Reached skill level 5 in Throwing
  6927 | D:8      | Reached skill level 5 in Stealth
  6927 | D:8      | Reached skill level 5 in Shields
  6927 | D:8      | Reached skill level 5 in Unarmed Combat
  6927 | D:8      | Reached skill level 5 in Evocations
  6943 | D:8      | Found a white marble altar of Elyvilon.
  7190 | D:8      | Noticed Prince Ribbit
  7220 | D:8      | Killed Prince Ribbit
  7292 | D:8      | Found a staircase to the Lair.
  7676 | D:9      | Noticed Erica
  7688 | D:9      | Killed Erica
  8202 | D:9      | Noticed a guardian serpent
  8226 | D:9      | Killed a guardian serpent
  8226 | D:9      | Reached XP level 11. HP: 46/84 MP: 13/22
  8275 | D:8      | Learned a level 3 spell: Summon Guardian Golem
  8278 | D:8      | Learned a level 2 spell: Blink
  8312 | Lair:1   | Entered Level 1 of the Lair of Beasts
  9067 | Lair:2   | Reached skill level 5 in Conjurations
  9067 | Lair:2   | Reached skill level 5 in Hexes
  9067 | Lair:2   | Reached skill level 5 in Summonings
  9067 | Lair:2   | Reached skill level 5 in Necromancy
  9067 | Lair:2   | Reached skill level 5 in Translocations
  9067 | Lair:2   | Reached skill level 5 in Transmutations
  9067 | Lair:2   | Reached skill level 5 in Fire Magic
  9067 | Lair:2   | Reached skill level 5 in Ice Magic
  9067 | Lair:2   | Reached skill level 5 in Air Magic
  9067 | Lair:2   | Reached skill level 5 in Earth Magic
  9067 | Lair:2   | Reached skill level 5 in Poison Magic
  9142 | Lair:1   | Reached skill level 8 in Spellcasting
  9428 | Lair:2   | Found a staircase to the Snake Pit.
 10133 | Lair:3   | Noticed an eight-headed hydra
 10309 | D:9      | Found a snail-covered altar of Cheibriados.
 10503 | D:10     | Entered Level 10 of the Dungeon
 10648 | D:10     | Gained mutation: You cannot be stealthy. [Ru sacrifice]
 10671 | D:10     | Noticed Harold
 10704 | D:10     | Killed Harold
 10937 | D:10     | Noticed Snorg
 10960 | D:10     | HP: 1/86 [Snorg (16)]
 10973 | D:10     | Killed Snorg
 11609 | D:10     | Reached XP level 12. HP: 93/93 MP: 24/24
 12373 | Lair:3   | Noticed a four-headed hydra
 12381 | Lair:3   | Killed a four-headed hydra
 12638 | Lair:3   | Killed an eight-headed hydra
 13508 | Lair:4   | Reached skill level 9 in Spellcasting
 13588 | Lair:4   | Found a staircase to the Shoals.
 13622 | Lair:4   | Noticed a six-headed hydra
 13637 | Lair:4   | Killed a six-headed hydra
 13639 | Lair:4   | Noticed a five-headed hydra
 13643 | Lair:4   | Killed a five-headed hydra
 13920 | D:4      | Bought a scroll of acquirement for 572 gold pieces
 13920 | D:4      | Bought a scroll of fog for 22 gold pieces
 14848 | Lair:5   | Noticed Sonja
 14873 | Lair:5   | Killed Sonja
 14876 | Lair:5   | Reached XP level 13. HP: 80/101 MP: 9/26
 15377 | Lair:5   | Found a runed translucent door.
 15377 | Lair:5   | Found a viscous altar of Jiyva.
 15377 | Lair:5   | Found a staircase to the Slime Pits.
 15377 | Lair:5   | Noticed an acid blob
 15377 | Lair:5   | Noticed an acid blob
 15377 | Lair:5   | Noticed an acid blob
 15377 | Lair:5   | Noticed an acid blob
 16040 | Lair:6   | Entered Level 6 of the Lair of Beasts
 16869 | Lair:6   | Learned a level 4 spell: Animate Dead
 17062 | Lair:6   | Reached skill level 10 in Spellcasting
 17062 | Lair:6   | Reached XP level 14. HP: 31/109 MP: 2/28
 17062 | Lair:6   | Killed from afar by a wolf

Levels and vault maps discovered:
D:1:      lemuel_arrival_broad_hall, layout_rooms, hangedman_decor_push,
          chequers_serial_rivers_micro_b
D:2:      layout_basic, nicolae_overflow_crystal_walls, lemuel_doored_altar,
          okawaru_trees_2, minmay_distorted
D:3:      layout_rooms, grunt_temple_overflow_order_and_chaos_2,
          yredelemnul_forgotten_temple_becter, first_ration, serial_park_tiny_1,
          uniq_terence
D:4:      layout_loops_ring, nicolae_overflow_hidden_temple, serial_shops,
          nicolae_shop_statue_plus, kennysheep_mini_moat, shop, shop,
          chequers_serial_rivers_micro_c
D:5:      layout_loops_ring, led_sif_book, lemuel_round_altar,
          fedhas_bush_and_centaur_altar, minmay_temple_entry_poolview,
          kennysheep_windowed_goal
D:6:      layout_basic, minmay_ogre_servants
D:7:      layout_cave_pools, nicolae_gozag_zags_fifth_avenue, kennysheep_mini,
          tso_metal_star, serial_shops, shop, nicolae_shop_behind_doors, shop,
          nicolae_shop_temple_entry_statues_fountains,
          gammafunk_ghost_gnarly_gnolls, grunt_ogre_cave, uniq_pikel
D:8:      minmay_the_grid_octo_tiled_squarecenter [minmay_the_grid_octo_focus,
          minmay_the_grid_octo_empty, minmay_the_grid_octo_empty,
          minmay_the_grid_octo_toaster,
          minmay_the_grid_square_5x5_megaprize_hollow,
          minmay_the_grid_square_5x5_half_checkered,
          minmay_the_grid_square_5x5_six,
          minmay_the_grid_square_5x5_three_small,
          minmay_the_grid_square_5x5_eight], layout_rooms, elyvilon_altar_3,
          uniq_psyche, uniq_joseph, uniq_prince_ribbit1
D:9:      layout_basic, slow_altar_2, lemuel_flamethrower_1, uniq_erica
D:10:     layout_basic, uniq_harold, uniq_snorg
D:11:     layout_cave_pools, ebering_ghost_rock_garden
Temple:   corrupted_temple
Lair:1:   layout_regular_city
Lair:2:   layout_chaotic_city, guppyfry_snake_entry_island
Lair:3:   layout_chaotic_city
Lair:4:   layout_cave_pods, minmay_shoals_entry_hut,
          grunt_forest_large_clearing_hut
Lair:5:   layout_small_grid, slime_altar_2, hangedman_lair_unloving_vines,
          uniq_sonja
Lair:6:   minmay_lair_end_enchanted_forest, layout_small_grid,
          grunt_forest_large_clearings

Skill      XL: |  1  2  3  4  5  6  7  8  9 10 11 12 13 |
---------------+----------------------------------------+-----
Spellcasting   | 5 6 7 8 9 10 | 10.1
Invocations    | 1 2 3 4 5 6 7 8 9 |  9.6
Short Blades   | 1 2 3 4 5 6 7 8 |  8.8
Axes           | 1 2 3 4 5 6 7 8 |  8.8
Maces & Flails | 1 2 3 4 5 6 7 8 |  8.8
Polearms       | 1 2 3 4 5 6 7 8 |  8.8
Staves         | 1 2 3 4 5 6 7 8 |  8.8
Slings         | 1 2 3 4 5 6 7 8 |  8.8
Bows           | 1 2 3 4 5 6 7 8 |  8.8
Crossbows      | 1 2 3 4 5 6 7 8 |  8.8
Throwing       | 1 2 3 4 5 6 7 8 |  8.8
Stealth        | 1 2 3 4 5 0 |  0.0
Shields        | 1 2 3 4 5 6 7 8 |  8.8
Unarmed Combat | 1 2 3 4 5 6 7 8 |  8.8
Evocations     | 1 2 3 4 5 6 7 8 |  8.8
Conjurations   | 1 2 3 4 5 6 7 |  7.3
Hexes          | 1 2 3 4 5 6 7 |  7.3
Summonings     | 1 2 3 4 5 6 7 |  7.3
Necromancy     | 1 2 3 4 5 6 7 |  7.3
Translocations | 1 2 3 4 5 6 7 |  7.3
Transmutations | 1 2 3 4 5 6 7 |  7.3
Fire Magic     | 1 2 3 4 5 6 7 |  7.3
Ice Magic      | 1 2 3 4 5 6 7 |  7.3
Air Magic      | 1 2 3 4 5 6 7 |  7.3
Earth Magic    | 1 2 3 4 5 6 7 |  7.3
Poison Magic   | 1 2 3 4 5 6 7 |  7.3
Armour         | 3 4 5 6 7 8 9 |  9.2
Fighting       | 5 6 7 8 9 |  9.9
Long Blades    | 5 6 7 8 9 |  9.9
Dodging        | 5 6 7 8 9 |  9.9
Charms         | 6 7 8 9 |  9.2

Action                   |  1- 3 |  4- 6 |  7- 9 | 10-12 | 13-15 || total
-------------------------+-------+-------+-------+-------+-------++-------
Melee: Falchion          |    53 |   131 |       |       |       ||   184
       Bite              |     6 |    27 |    27 |    76 |    61 ||   197
       Flail             |    10 |       |       |       |       ||    10
       Punch             |     1 |     1 |     1 |    17 |       ||    20
       Spear             |       |    26 |   244 |   770 |   485 ||  1525
Throw: Boomerang         |     6 |       |       |       |       ||     6
 Cast: Infusion          |     3 |     8 |    15 |    32 |     6 ||    64
       Regeneration      |     3 |     5 |     5 |    16 |     6 ||    35
       Song of Slaying   |     1 |     1 |     3 |     8 |     2 ||    15
       Shroud of Golubri |       |     3 |     7 |    14 |     3 ||    27
       Spectral Weapon   |       |     3 |     4 |     2 |     1 ||    10
       Animate Skeleton  |       |       |     3 |    39 |    33 ||    75
       Mephitic Cloud    |       |       |     1 |     9 |     4 ||    14
       Conjure Flame     |       |       |     1 |    17 |     3 ||    21
       Blink             |       |       |       |     3 |     2 ||     5
       Summon Guardian G |       |       |       |     3 |       ||     3
       Animate Dead      |       |       |       |       |     2 ||     2
Invok: Reject Sacrifices |       |       |     1 |     1 |       ||     2
       Sacrifice Stealth |       |       |       |     1 |       ||     1
 Abil: Evoke Flight      |       |       |     1 |       |       ||     1
Evoke: Wand              |       |       |       |     1 |       ||     1
  Use: Scroll            |       |       |    10 |    21 |     1 ||    32
       Potion            |       |       |       |     5 |       ||     5
 Stab: Sleeping          |     1 |     1 |     6 |     7 |       ||    15
       Confused          |       |       |     2 |     1 |     3 ||     6
       Distracted        |       |       |       |     4 |     4 ||     8
       Paralysed         |       |       |       |       |     2 ||     2
       Petrified         |       |       |       |       |     1 ||     1
  Eat: Chunk             |       |     7 |     9 |    15 |     9 ||    40
       Ration            |       |       |     1 |     4 |       ||     5
Armor: Leather armour    |    11 |    34 |    24 |    46 |       ||   115
       Troll leather arm |       |       |       |    75 |   151 ||   226
Dodge: Dodged            |    52 |    94 |   133 |   406 |   377 ||  1062
Block: Other             |       |       |       |    62 |       ||    62
       Buckler           |       |       |       |    20 |   293 ||   313
       Reflection        |       |       |       |     2 |       ||     2
       Rpst.: Falchion   |    16 |    23 |       |       |       ||    39
